amy, neutral female human Ranger -------------------------------------------- ) ................................(..........| $ ---|--.---...----------------------------..| * * |.|--- |...|.....................[....|.^| ---.|.|---...|.............<..............%| .. |...%.|....---..........................|.%| ##^. |-|-.%|....|.....................(......|..| . $ # |!.|..---..------------------------------..|-. # |!.|...(|....[@q.....$..(.............^....|... ######## |!.|-----..------------------------------..|.... # ---- ......|----------------------- |..|..... # -----(--|..........[)[.........| |..|.......# $$ |...|.| --------------------.|.-------..|.....|(. -------------.{.|.|---------------------.|.(^..*....|.....|.... |...............|(-.................).*..|-------------..-----... |.---------------.|---------------------[|............)........[... |.............)...| |.........(...........|........ ------------------- -------------------------------- amy the Trailblazer Experience level: 9 Strength: 18 Dexterity: 14 Constitution: 17 Intelligence: 15 Wisdom: 14 Charisma: 7 Health: 0(68) Energy: 46(46) Def: 9 Gold: 101 Moves: 17491 Dungeon seed: y4V_0MO1pXDH4KcJ Game ID: amy_1466833849 Your Inventory: Coins $ - 101 gold pieces Amulets w - an uncursed amulet of reflection (being worn) Weapons a - an uncursed +2 bow (weapon in hand) c - 54 uncursed +2 arrows d - 12 uncursed +0 arrows u - a blessed +0 dwarvish mattock v - 17 blessed +1 arrows C - 93 uncursed +0 arrows (in quiver) E - 7 cursed -1 arrows L - 8 blessed +0 arrows R - an uncursed corroded +0 arrow X - an uncursed +1 dagger Armor e - an uncursed burnt +2 cloak of displacement (being worn) n - an uncursed burnt +1 pair of leather gloves (being worn) r - an uncursed rusty +0 dwarvish iron helm z - an uncursed +0 pair of elven boots (being worn) T - a cursed -2 orcish helm (being worn) Y - an uncursed +0 dwarvish mithril-coat (being worn) Comestibles s - 4 uncursed sprigs of wolfsbane D - an uncursed clove of garlic O - an uncursed candy bar P - a cursed clove of garlic Q - an uncursed partly eaten food ration V - an uncursed egg Potions J - an uncursed potion of water K - 2 uncursed potions of object detection Rings x - a cursed -1 ring of gain strength G - an uncursed ring of see invisible (on left hand) H - a cursed ring of hunger M - an uncursed ring of polymorph control (on right hand) S - an uncursed ring of teleport control Wands f - a blessed wand of sleep (0:3) g - an uncursed wand of slow monster (0:1) h - an uncursed wand of create monster (0:9) i - a cursed wand of enlightenment (0:6) o - an uncursed wand of create monster (0:13) p - an uncursed wand of make invisible (0:3) y - an uncursed wand of fire (0:3) B - an uncursed wand of cancellation (0:4) F - an uncursed wand of cold (0:7) U - an uncursed wand of secret door detection (0:13) Z - a cursed wand of sleep (0:8) Tools b - an uncursed greased bag of holding k - an uncursed skeleton key m - an uncursed magic whistle A - an uncursed blindfold N - a blessed magic lamp W - an uncursed +0 unicorn horn Gems l - an uncursed worthless piece of orange glass q - an uncursed worthless piece of violet glass t - an uncursed worthless piece of yellow glass I - 2 uncursed worthless pieces of yellowish brown glass Contents of the bag of holding: 3789 gold pieces an uncursed cream pie 12 cursed eucalyptus leaves 4 uncursed fortune cookies 2 uncursed pancakes 6 uncursed scrolls of blank paper a cursed scroll of blank paper a cursed scroll of confuse monster 2 cursed scrolls of destroy armor 3 uncursed scrolls of light an uncursed scroll of remove curse a cursed scroll of remove curse an uncursed scroll of taming 3 uncursed scrolls of teleportation an uncursed potion of extra healing a cursed potion of gain ability an uncursed potion of hallucination 3 uncursed potions of healing a cursed potion of healing a blessed potion of invisibility 3 uncursed potions of invisibility an uncursed potion of levitation an uncursed potion of object detection a cursed potion of paralysis an uncursed potion of sickness a blessed potion of sleeping an uncursed potion of sleeping a potion of unholy water an uncursed ring of stealth an uncursed wand of create monster (0:12) a cursed wand of enlightenment (0:9) an uncursed wand of fire (0:0) an uncursed wand of light (0:13) an uncursed can of grease (0:6) an uncursed oil lamp (0:1477) an uncursed agate stone 2 uncursed amethyst stones 2 uncursed diamonds 3 uncursed emeralds an uncursed luckstone 3 uncursed rubies an uncursed worthless piece of black glass 2 uncursed worthless pieces of blue glass 2 uncursed worthless pieces of red glass 2 uncursed worthless pieces of violet glass an uncursed worthless piece of yellow glass 2 uncursed worthless pieces of yellowish brown glass Spells and supernatural/magical abilities: Name Level Category Fail Memory W - pray for help -- divine ? -- Your skills at the end: Miscellaneous Skills wands [Basic] Weapon Skills dagger [Basic] bow [Expert] Spellcasting Skills Final Attributes: You were devoutly aligned. You were poison resistant. You saw invisible. You were telepathic. You had automatic searching. You were displaced. You were stealthy. You had polymorph control. You had reflection. You are dead. Vanquished creatures: 2 giant mimics a flesh golem a wumpus an island nymph a pyrolisk a large dog 3 freezing spheres 2 flaming spheres a dwarf king a tengu 3 chameleons a mountain centaur 2 giants a human mummy a soldier an incubus 2 giant beetles 4 wolves a lynx a leprechaun 2 spotted jellies a lizard a giant spider a scorpion an iron piercer an ice vortex 2 vampire bats 3 gnome kings an orc mummy a dwarf mummy 2 ogres a brown pudding an owlbear a werewolf 6 Green-elves a dog 2 housecats a dwarf lord 2 blue jellies 2 water nymphs 2 white unicorns a black unicorn a dust vortex 4 ravens 2 gnome mummies 2 snakes 3 apes a human zombie a rope golem 2 soldier ants 2 fire ants 2 bugbears 2 wood nymphs 2 Mordor orcs 4 Uruk-hai an orc shaman a rock mole a rock piercer 4 fog clouds 3 yellow lights 4 shriekers 21 gnome lords 11 gnomish wizards a kobold mummy a black naga hatchling 2 guardian naga hatchlings a gray ooze a barrow wight 2 ghouls 3 paper golems 5 giant ants 3 little dogs 8 floating eyes a kitten 22 dwarves 3 kobold lords 2 kobold shamans an iguana 7 hill orcs a rothe a rabid rat 2 centipedes 5 giant bats 15 dwarf zombies 2 wererats 4 killer bees 6 coyotes 2 gas spores 7 hobbits an acid blob 2 large kobolds 7 geckos 10 hobgoblins 4 giant rats 3 cave spiders a yellow mold 3 red molds 75 gnomes 15 manes 2 gnome zombies 4 jackals a fox 2 kobolds 11 newts 3 goblins 9 sewer rats 4 grid bugs 4 lichens 3 kobold zombies 413 creatures vanquished. Voluntary challenges: You used a wielded weapon 132 times, starting on turn 67. You read items or engraved 14 times, starting on turn 5318. You never genocided any monsters. You never polymorphed an object. You changed form 1 time, starting on turn 14678. You cheated 10 times but completed Sokoban on turn 11783. You used no wishes. You never split a pudding. You wrote Elbereth's name 3 times, starting on turn 11816. You never violated your personal moral code. Dungeon overview: The Dungeons of Doom: levels 1 to 10 Level 1 a long staircase Level 2 stairs to The Gnomish Mines Level 3 Level 4 Level 5 a fountain, a sink Level 6 a hardware shop Level 7 a fountain Level 8 many fountains Level 9 a throne stairs to Sokoban Level 10 The Gnomish Mines: levels 3 to 11 Level 3 stairs to The Dungeons of Doom Level 4 Level 5 Level 6 some shops, a temple to Venus, a magic chest, some fountains, some trees Level 7 Level 8 Level 9 Level 10 Level 11 <- You were here a magic chest, a fountain Sokoban: levels 5 to 8 Level 5 a magic chest Level 6 Level 7 Level 8 a magic chest stairs to The Dungeons of Doom History has recorded: On T:1 you entered the Dungeons of Doom to retrieve the Amulet of Yendor! On T:286 you reached level 2 of The Dungeons of Doom. On T:597 you reached level 1 of The Gnomish Mines. On T:607 you advanced to experience level 2. On T:712 you advanced to experience level 3. On T:755 you reached level 2 of The Gnomish Mines. On T:777 you advanced to experience level 4. On T:842 you advanced to experience level 5. On T:917 you reached level 3 of The Gnomish Mines. On T:1100 you advanced to experience level 6. On T:1245 you reached level 4 of The Gnomish Mines. On T:1389 you entered the Minetown temple On T:1541 you opened a magic chest. On T:1549 you opened a magic chest. On T:1910 you opened a magic chest. On T:1923 you opened a magic chest. On T:1929 you opened a magic chest. On T:2583 you advanced to experience level 7. On T:2927 you reached level 3 of The Dungeons of Doom. On T:3328 you reached level 4 of The Dungeons of Doom. On T:3641 you reached level 5 of The Dungeons of Doom. On T:4042 you reached level 6 of The Dungeons of Doom. On T:4358 you reached level 7 of The Dungeons of Doom. On T:4912 you reached level 8 of The Dungeons of Doom. On T:4963 you received advice from The Oracle. On T:4963 you advanced to experience level 8. On T:6175 you reached level 9 of The Dungeons of Doom. On T:6358 you reached level 4 of Sokoban. On T:6812 you reached level 3 of Sokoban. On T:7983 you reached level 2 of Sokoban. On T:9660 you reached level 1 of Sokoban. On T:9680 you advanced to experience level 9. On T:11783 you entered the Sokoban zoo. On T:12122 you opened a magic chest. On T:12123 you opened a magic chest. On T:12956 you reached level 10 of The Dungeons of Doom. On T:14103 you opened a magic chest. On T:14106 you opened a magic chest. On T:14118 you opened a magic chest. On T:14250 you opened a magic chest. On T:14250 you opened a magic chest. On T:14294 you reached level 5 of The Gnomish Mines. On T:14548 you reached level 6 of The Gnomish Mines. On T:14774 you reached level 7 of The Gnomish Mines. On T:15055 you reached level 8 of The Gnomish Mines. On T:15367 you reached level 9 of The Gnomish Mines. On T:15367 you reached the bottom of the Mines. Score breakdown: Gold: 3890 ( 389 points) Experience: 9 levels ( 800 points) Exploration: 11 levels ( 300 points) Discoveries: 27 items ( 1350 points) Variety of kills: 109 monsters ( 2000 points) Major goal: Sokoban/Mines ( 1500 points) Survival: died (score multiplied by 3) Total score: 19017 Latest messages: You shoot 3 arrows. The 1st arrow hits something! You kill the spotted jelly! There are a few objects here. The winter wolf eats a floating eye corpse. You are beginning to feel hungry. You displace your large dog. There are a few objects here. You hear some noises. You have a little trouble lifting C - 5 uncursed arrows (in quiver). You have a little trouble lifting R - an uncursed corroded arrow. You displace your winter wolf. The large dog misses the dwarf. The dwarf reads a scroll of teleportation! You stop. Your large dog is in the way! You displace your large dog. The gnome mummy scratches you! (2x) You destroy the gnome mummy! There are a few objects here. You have a little trouble lifting C - an uncursed arrow (in quiver). You hit the mumak. The mumak butts! You die... Final status: Goodbye amy the Ranger, killed by a mumak... You died in The Gnomish Mines on dungeon level 11 with 19017 points, and 3890 pieces of gold, after 17491 moves. You were level 9 with a maximum of 68 hit points when you died.